 Dungeon Sprint DCSS version 0.31-a0-142-g31f6795574 (webtiles) character file.

Game seed: 2211158036276343332

42 rocky1 the Chopper (level 3, -2/37 HPs)
             Began as a Minotaur Berserker on June 4, 2023.
             Was a Believer of Trog.
             Slain by a human (8 damage)
             ... in the Dungeon (Sprint III: "The Ten Rune Challenge").
             The game lasted 00:00:43 (391 turns).

rocky1 the Chopper (Minotaur Berserker)              Turns: 391, Time: 00:00:43

Health: -2/37      AC:  2    Str: 23    XL:     3   Next: 33%
Magic:  2/2        EV: 12    Int:  4    God:    Trog [**....]
Gold:   41         SH:  0    Dex:  9    Spells: 2/2 levels left

rFire   . . .        a - +0 hand axe
rCold   . . .        (no shield)
rNeg    . . .        b - +0 animal skin
rPois   .            (helmet restricted)
rElec   .            (no cloak)
rCorr   .            (no gloves)
SInv    .            (no boots)
Will    .....        (no amulet)
Stlth   +            (no ring)
HPRegen 0.26/turn    (no ring)
MPRegen 0.08/turn

%: no teleportation
@: invisible (expiring), very slow
A: horns 2, retaliatory headbutt
a: Renounce Religion, Berserk, Trog's Hand


You were in the Dungeon.
You worshipped Trog.
Trog was pleased with you.
You visited 1 branch You collected 41 gold pieces.

Inventory:

Hand Weapons
 a - a +0 hand axe (weapon)
Armour
 b - a +0 animal skin (worn)
Scrolls
 h - a scroll of blinking
 i - a scroll of immolation {unknown}
 j - 3 scrolls of identify
 l - a scroll of poison {unknown}
Potions
 c - a potion of curing
 d - a potion of heal wounds
 e - a potion of haste
 f - 2 potions of magic
 g - a potion of berserk rage
 k - 2 potions of enlightenment
 m - a potion of invisibility
 n - 5 potions of mutation


   Skills:
 + Level 6.1 Fighting
 + Level 6.2 Axes
 + Level 3.4 Armour
 + Level 3.3 Dodging


You had 2 spell levels left.
You didn't know any spells.
Your spell library was empty.

Dungeon Overview and Level Annotations

Branches:
Dungeon (1/1)

Altars:


Innate Abilities, Weirdness & Mutations

You have a pair of horns on your head.
You reflexively headbutt those who attack you in melee.


Message History

You hit the human but do no damage.
The human is lightly wounded.
The human hits you but does no damage.
Your unstable footing causes you to fumble your attack.
The human completely misses you.
You barely miss the human.
The human is lightly wounded.
The human hits you.
Your unstable footing causes you to fumble your attack.
The human hits you.
* * * LOW HITPOINT WARNING * * *
Your unstable footing causes you to fumble your attack.
The human hits you!
* * * LOW HITPOINT WARNING * * *
Your unstable footing causes you to fumble your attack.
The human closely misses you. You furiously retaliate!
You headbutt the human. You hit the human. Your headbutt misses the human.
The human is heavily wounded.
The human splashes around in the water.
Your unstable footing causes you to fumble your attack.
The human splashes around in the water.
You miss the human.
The human is heavily wounded.
The human closely misses you. You furiously retaliate!
You headbutt the human.
Your unstable footing causes you to fumble your attack.
The human barely misses you.
You hit the human.
The human is severely wounded.
The human splashes around in the water.
You barely miss the human.
The human is severely wounded.
The human barely misses you.
You slash the human!
The human is almost dead.
The human closely misses you.
You hit the human but do no damage.
The human is almost dead.
You flicker for a moment.
The human hits you!
You die...

▓▓▓▓▓▓▓▓▓▓▓▓
▓<.#..'....♣♣♣
▓..#..#......♣
▓#'####.....♣♣
▓.....#....~♣♣♣ .#
▓.....#...~~♣.♣...#
▓....)#..~~~@..♣
▓####'#..~≈≈~p~♣
▓(....#.~~≈~~~....
▓.....#.~≈~~~.....#
▓.....#.~~~.......#
▓'#####...........#
▓.................#
▓▓▓▓▓▓▓▓▓▓▓▓▓▓▓▓▓▓▓


You could see a human.

Vanquished Creatures
  Jessica (D)
  A wolf (D)
  An endoplasm (D)
  A rat (D)
4 creatures vanquished.

Notes
Turn   | Place    | Note
-------+----------+-------------------------------------------
     0 | D        | rocky1 the Minotaur Berserker began the quest for the Orb.
     0 | D        | Reached XP level 1. HP: 19/19 MP: 0/0
    15 | D        | Noticed Jessica
    24 | D        | Killed Jessica
    24 | D        | Reached ** piety under Trog
    25 | D        | Reached skill level 5 in Fighting
    25 | D        | Reached skill level 5 in Axes
    25 | D        | Reached XP level 2. HP: 13/30 MP: 1/1
   127 | D        | Reached XP level 3. HP: 18/37 MP: 2/2
   391 | D        | Slain by a human

Illustrated notes

Levels and vault maps discovered:
D:        dungeon_sprint_mu [sprint_mu_entry_forest, sprint_mu_temple_rooms,
          sprint_mu_d1_horrors, sprint_mu_d2_genie, sprint_mu_d3_branching,
          sprint_mu_orc_legion, sprint_mu_elf_gauntlet, sprint_mu_hive_nellie,
          sprint_mu_lair_fedhas, sprint_mu_vaults_butterflies,
          sprint_mu_slime_circle, sprint_mu_swamp_cave, sprint_mu_shoals_kraken,
          sprint_mu_blade_basic, sprint_mu_crypt_fortress,
          sprint_mu_tomb_spiral, sprint_mu_vestibule_basic,
          sprint_mu_gehenna_hellfire, sprint_mu_dis_giant,
          sprint_mu_tartarus_statrot, sprint_mu_cocytus_islands, sprint_mu_zot1]

Skill      XL: |  1  2 |
---------------+-------+-----
Fighting       | 5 6 |  6.1
Axes           | 5 6 |  6.2
Armour         | 3 |  3.4
Dodging        | 3 |  3.3

Action                     || total
---------------------------++-------
  Melee: Hand axe          ||    36
         Headbutt          ||     2
 Invoke: Berserk           ||     1
    Use: Potion            ||     1
 Armour: Animal skin       ||     4
  Dodge: Dodged            ||    13

Table legend: (Time is in decaauts)
 A = Elapsed time spent in this place.
 B = Non-inter-level travel time spent in this place.
 C = Inter-level travel time spent in this place.
 D = Time resting spent in this place.
 E = Time spent auto-exploring this place.
 F = Levels seen in this place.
 G = Mean time per level.
                   A        B        C        D        E       F      G
               +--------+--------+--------+--------+--------+-----+--------+
         Total |    404 |    404 |      0 |    298 |      0 |   1 |  404.0 |
       Dungeon |    404 |    404 |      0 |    298 |      0 |   1 |  404.0 |
               +--------+--------+--------+--------+--------+-----+--------+

Top non-repeatable levels by time:
       D: 404 daAuts
